 Dungeon Crawl Stone Soup version 0.23.2-30-g0e89c35649 (webtiles) character file.

Game seed: 15341724598751001757

907 Hanswurst the Cudgeler (level 8, -2/47 HPs)
             Began as a Gargoyle Wanderer on June 8, 2019.
             Slain by an ogre
             ... wielding a +0 giant club
              (17 damage)
             ... on level 5 of the Dungeon.
             The game lasted 00:31:38 (5010 turns).

Hanswurst the Cudgeler (Gargoyle Wanderer)          Turns: 5010, Time: 00:31:38

Health: -2/47      AC: 18    Str: 19    XL:     8   Next: 8%
Magic:  8/8        EV:  8    Int: 12    God:
Gold:   204        SH:  0    Dex:  9    Spells: 7/7 levels left

rFire    . . .     SeeInvis .   c - +2 mace (crush)
rCold    . . .     Gourm    .   (no shield)
rNeg     + . .     Faith    .   A - +0 chain mail
rPois    ∞         Spirit   .   (no helmet)
rElec    +         Reflect  .   (no cloak)
rCorr    .         Harm     .   j - +2 pair of gloves
MR       .....                  (no boots)
Stlth    ..........             (no amulet)
HPRegen  0.15/turn              (no ring)
MPRegen  0.11/turn              (no ring)

@: no status effects
A: negative energy resistance 1, electricity resistance, unbreathing,
petrification resistance, rot immunity, AC +5
a: no special abilities


You were on level 5 of the Dungeon.
You were not hungry.

You visited 1 branch of the dungeon, and saw 5 of its levels.

You collected 204 gold pieces.

Inventory:

Hand Weapons
 a - a +2 mace
 c - a +2 mace of crushing (weapon)
 h - a +0 flail
 q - a cursed -1 dagger
 x - a +0 whip
 C - a +2 hunting sling of freezing
Missiles
 i - 3 tomahawks
 E - a throwing net
 F - 5 javelins (quivered)
Armour
 j - a +2 pair of gloves (worn)
 p - a +1 leather armour of fire resistance
 y - a +0 scale mail
 A - a +0 chain mail (worn)
Jewellery
 v - a +4 ring of strength
Scrolls
 e - a scroll of fog {unknown}
 f - a scroll of teleportation {unknown}
 l - 2 scrolls of enchant weapon {unknown}
 s - 5 scrolls of remove curse {unknown}
 t - 3 scrolls of identify {unknown}
 w - a scroll of blinking {unknown}
Potions
 b - 3 potions of curing
 k - 2 potions of might {unknown}
 m - a potion of brilliance {unknown}
 n - a potion of heal wounds {unknown}
 o - a potion of resistance {unknown}
 r - a potion of ambrosia {unknown}
 u - 4 potions of lignification {unknown}
 z - a potion of flight {unknown}
 B - a potion of degeneration {unknown}
 D - 2 potions of berserk rage
Comestibles
 d - 7 rations
 g - 12 chunks of flesh


   Skills:
 + Level 3.6 Fighting
   Level 1.7(4.8) Axes
 + Level 7.8(8.0) Maces & Flails
 + Level 0.7 Throwing
 + Level 4.3 Armour
 + Level 1.7 Dodging
 + Level 1.8 Stealth
   Level 1.0 Evocations


You had 7 spell levels left.
You didn't know any spells.
Your spell library was empty.

Dungeon Overview and Level Annotations

Branches:
Dungeon (5/15)
 Temple: D:4-7

Altars:
Cheibriados
Kikubaaqudgha
Nemelex Xobeh
Okawaru
Xom
Yredelemnul
The Shining One


Innate Abilities, Weirdness & Mutations

You are resistant to torment.
Your stone body is resilient. (AC +5)
You are immune to poison.
You resist negative energy. (rN+)
You are resistant to electric shocks. (rElec)
You can survive without breathing.
You are immune to petrification.
You are immune to rotting.


Message History

The ogre barely misses you.
A jackal comes into view.
The jackal barks!
The orc priest looks encouraged for a moment. 2 jackals come into view.
The jackal barks! x2
A leopard gecko comes into view.
The phantom barely misses you.
The phantom hits you but does no damage.
The leopard gecko hisses angrily.
The phantom closely misses you.
Found a leather armour.
The orc priest calls down the wrath of Beogh upon you.
Beogh smites you!
* * * LOW HITPOINT WARNING * * *
The jackal bites you but does no damage.
The jackal bites you but does no damage.
There is a stone staircase leading up here.
The jackal barely misses you. The ogre hits you with a +0 giant club!
You die...

###.....#........
#................
#.##................
##...[...............
.....................
......................
..............h........
.........).l..h@.......
...........oW.O......##
........oY..h..........
.........o##......#...#
...........##.######
#.. ).............# #
..$.........###
.........########
.................


You could see a phantom, an ice beast, an ogre, an orc priest, 2 orcs, a leopard
gecko and 3 jackals.

Vanquished Creatures
  3 ogres (D:4)
  3 vampire bats (D:4)
  3 howler monkeys (D:4)
  2 bullfrog skeletons
  An orc priest (D:4)
  2 hounds (D:4)
  Ijyb (D:4)
  3 orc wizards (D:4)
  A howler monkey zombie (D:3)
  5 adders
  An ooze (D:1)
  3 adder skeletons (D:4)
  3 worms (D:3)
  4 leopard geckos
  8 orcs
  2 bat skeletons (D:4)
  3 bat zombies (D:4)
  2 giant cockroaches (D:1)
  9 goblins
  11 hobgoblins
  9 jackals
  4 quokkas
  A ball python (D:2)
  8 bats
  5 frilled lizards
  7 kobolds
  2 leopard gecko skeletons (D:4)
  7 rats
113 creatures vanquished.

Notes
Turn   | Place    | Note
-------+----------+-------------------------------------------
     0 | D:1      | Hanswurst the Gargoyle Wanderer began the quest for the
                  | Orb.
     0 | D:1      | Hanswurst set off with the following items: a +2 mace, a
                  | potion of curing, a +0 ring mail, a ration
     0 | D:1      | Reached XP level 1. HP: 10/10 MP: 1/1
    66 | D:1      | Reached XP level 2. HP: 12/15 MP: 2/2
   720 | D:1      | Reached XP level 3. HP: 19/19 MP: 3/3
   844 | D:1      | Reached skill level 5 in Maces & Flails
  1573 | D:2      | Reached XP level 4. HP: 24/24 MP: 4/4
  1712 | D:2      | Found a faded altar of an unknown god.
  1917 | D:3      | Found a sparkling altar of Nemelex Xobeh.
  2152 | D:3      | Found a glowing golden altar of the Shining One.
  2154 | D:3      | Noticed an angel
  2170 | D:3      | Found a basalt altar of Yredelemnul.
  2172 | D:3      | Noticed a profane servitor
  2566 | D:3      | Reached XP level 5. HP: 26/28 MP: 5/5
  2582 | D:3      | Reached skill level 1 in Fighting
  2981 | D:4      | Noticed an ogre
  3039 | D:4      | Noticed Ijyb
  3045 | D:4      | Paralysed by Ijyb for 7 turns
  3141 | D:4      | Reached skill level 6 in Maces & Flails
  3433 | D:4      | Paralysed by Ijyb for 7 turns
  3551 | D:4      | Reached XP level 6. HP: 34/34 MP: 6/6
  3873 | D:4      | Found an ancient bone altar of Kikubaaqudgha.
  3904 | D:4      | Reached skill level 1 in Dodging
  3951 | D:4      | Reached XP level 7. HP: 34/40 MP: 7/7
  4029 | D:4      | Reached skill level 7 in Maces & Flails
  4088 | D:4      | Killed Ijyb
  4439 | D:4      | Found a snail-covered altar of Cheibriados.
  4609 | D:4      | Found a shimmering altar of Xom.
  4890 | D:5      | Entered Level 5 of the Dungeon
  4907 | D:4      | Reached XP level 8. HP: 40/46 MP: 8/8
  4969 | D:5      | Found an iron altar of Okawaru.
  5010 | D:5      | Slain by an ogre

Skill      XL: |  1  2  3  4  5  6  7 |
---------------+----------------------+-----
Maces & Flails | 5 6 7 |  7.8
Fighting       | 1 2 3 |  3.6
Armour         | 3 4 |  4.3
Dodging        | 1 |  1.7
Axes           | |  1.7
Throwing       | |  0.7
Stealth        | |  1.8
Evocations     | |  1.0

Action                   |  1- 3 |  4- 6 |  7- 9 || total
-------------------------+-------+-------+-------++-------
Melee: Mace              |   113 |   188 |    93 ||   394
Throw: Tomahawk          |       |     3 |     3 ||     6
       Throwing net      |       |     2 |       ||     2
       Javelin           |       |       |     1 ||     1
  Use: Potion            |       |     3 |       ||     3
  Eat: Chunk             |     2 |     7 |     4 ||    13
Armor: Ring mail         |    61 |    20 |       ||    81
       Scale mail        |       |   107 |    31 ||   138
       Chain mail        |       |       |    49 ||    49
Dodge: Dodged            |    74 |   104 |    44 ||   222
